 Dungeon Crawl Stone Soup version 0.21.1-1-g345015fe64 (webtiles) character file.

2416 Mrkan the Pacifist (level 9, -2/80 HPs)
             Began as a Troll Monk on May 9, 2018.
             Was an Elder of Elyvilon.
             Slain by a wight
             ... wielding a cursed +3 spear
              (9 damage)
             ... on level 8 of the Dungeon.
             The game lasted 00:15:00 (5905 turns).

Mrkan the Pacifist (Troll Monk)                     Turns: 5905, Time: 00:15:01

Health: -2/80      AC:  9    Str: 24    XL:     9   Next: 23%
Magic:  4/14       EV:  9    Int:  8    God:    Elyvilon [****..]
Gold:   193        SH:  0    Dex: 15    Spells: 8/8 levels left

rFire    . . .     SeeInvis .     - Unarmed
rCold    . . .     Gourm    +   (no shield)
rNeg     . . .     Faith    .   a - +0 robe
rPois    .         Spirit   .   (helmet restricted)
rElec    +         Reflect  .   v - +0 cloak
rCorr    +         Harm     .   (gloves unavailable)
MR       .....                  (boots unavailable)
Stlth    +.........             (no amulet)
HPRegen  0.63/turn              y - +3 ring of protection
MPRegen  0.14/turn              w - ring of Starshine {rCorr rElec Str+3 Int+2}

@: heavily drained
A: large, unfitting armour, claws 3, fast metabolism 3, gourmand, regeneration
1, shaggy fur 1, tough skin 2
a: Lesser Healing, Heal Other, Purification, Greater Healing, Divine Protection,
Renounce Religion


You were on level 8 of the Dungeon.
You worshipped Elyvilon.
Elyvilon was greatly pleased with you.
You were very full.

You visited 1 branch of the dungeon, and saw 8 of its levels.

You collected 193 gold pieces.

Inventory:

Armour
 a - a +0 robe (worn)
 v - a +0 cloak (worn)
Jewellery
 f - an uncursed ring of ice
 l - an uncursed ring of wizardry
 w - the ring of Starshine (right claw) {rCorr rElec Str+3 Int+2}
   (You found it on level 5 of the Dungeon)

   [ring of resist corrosion]

   It affects your strength (+3).
   It affects your intelligence (+2).
   It insulates you from electricity.
 y - a +3 ring of protection (left claw)
Wands
 x - a wand of digging (19)
Scrolls
 d - a scroll of blinking {unknown}
 e - 3 scrolls of teleportation {unknown}
 g - 5 scrolls of identify
 i - 2 scrolls of immolation {unknown}
 j - a scroll of fog {unknown}
 k - a scroll of random uselessness {unknown}
 m - 6 scrolls of remove curse
 n - a scroll of magic mapping {unknown}
 o - 3 scrolls of fear
 p - a scroll of enchant armour {unknown}
 t - 2 scrolls of amnesia {unknown}
Potions
 c - 2 potions of heal wounds
 h - 2 potions of brilliance
 q - 2 potions of might
 r - 2 potions of ambrosia {unknown}
 u - 2 potions of flight
 z - a potion of agility {unknown}
 A - a potion of resistance {unknown}
 C - a potion of degeneration {unknown}
Books
 s - a book of Callings

   Spells                             Type                      Level
   a - Summon Small Mammal            Summoning                    1
   b - Call Imp                       Summoning                    2
   c - Call Canine Familiar           Summoning                    3
   d - Summon Guardian Golem          Hexes/Summoning              3
   e - Summon Lightning Spire         Summoning/Air                4
   f - Summon Ice Beast               Ice/Summoning                4
Comestibles
 b - 20 rations
 B - 9 chunks of flesh


   Skills:
 - Level 2.4(0.4) Fighting
 - Level 2.4(0.4) Dodging
 - Level 1.0(0.0) Stealth
 - Level 8.0(5.7) Unarmed Combat
 * Level 9.1(6.7) Invocations


You had 8 spell levels left.
You didn't know any spells.

Dungeon Overview and Level Annotations

Branches:
Dungeon (8/15)             Temple (0/1) D:6
   Lair: D:8-11

Altars:
Ashenzari
Elyvilon
Gozag
Hepliaklqana
Ru
Trog
Uskayaw
Vehumet

Shops:
D:7 *

Annotations:
D:8 NeonDemon's ghost, novice KoBe


Innate Abilities, Weirdness & Mutations

You are too large for most types of armour.
You have claws for hands.
Your metabolism is lightning-fast.
You like to eat raw meat.
Your natural rate of healing is unusually fast.
You are covered in fur. (AC +1)
You have very tough skin. (AC +2)


Message History

* * * LOW HITPOINT WARNING * * *
You closely miss the wyvern. The wight hits you but does no damage.
The wyvern closely misses you.
You barely miss the wyvern. The wyvern bites you!
* * * LOW HITPOINT WARNING * * *
The wight hits you from afar with an enchanted spear.
* * * LOW HITPOINT WARNING * * *
The wyvern closely misses you.
You closely miss the wyvern.
The wight hits you from afar with an enchanted spear.
* * * LOW HITPOINT WARNING * * *
The wyvern bites you.
* * * LOW HITPOINT WARNING * * *
You are healed.
You feel somewhat less full. The wyvern bites you!
* * * LOW HITPOINT WARNING * * *
The wight closely misses you. The wyvern bites you.
* * * LOW HITPOINT WARNING * * *
You open the door.
The wight hits you from afar with an enchanted spear!
You die...

..########.##########
.................#
###########.#####.#
#..............# .
#..............#
....#.......z......#
........)..zz##.####
........####l##.#
........# #@#...
........# #.'......
........# ###......
z......?# .......
........# ......
..z.....# #.### .# #


You could see a wyvern and 3 wights.

Vanquished Creatures
  Prince Ribbit (D:7)
  An orc warrior (D:8)
  Duvessa (D:6)
  A sky beast (D:7)
  A black bear (D:6)
  The ghost of Necrophagist the Shield-Bearer, an amateur DDFi (D:3)
  An ogre (D:4)
  2 centaurs (D:6)
  3 bullfrogs
  Dowan (D:6)
  A scorpion (D:4)
  A wight (D:8)
  4 crimson imps
  2 hounds
  A jelly (D:7)
  4 orc priests
  3 orc wizards
  2 bullfrog skeletons
  Ijyb (D:5)
  12 worker ants
  A hound zombie (D:5)
  2 worker ant zombies
  14 adders
  5 oozes
  2 adder skeletons
  An adder zombie (D:7)
  3 worms
  A dart slug (D:1)
  4 leopard geckos
  27 orcs
  A ball python (D:1)
  6 giant cockroaches
  9 goblins
  5 hobgoblins
  16 jackals
  3 quokkas
  6 bats
  3 frilled lizards
  A jackal skeleton (D:5)
  12 kobolds
  A leopard gecko zombie (D:5)
  2 quokka skeletons
  A quokka zombie (D:5)
  7 rats
  2 bushes (D:2)
179 creatures vanquished.

Notes
Turn   | Place    | Note
-------+----------+-------------------------------------------
     0 | D:1      | Mrkan the Troll Monk began the quest for the Orb.
     0 | D:1      | Reached XP level 1. HP: 22/22 MP: 0/0
   226 | D:1      | Reached XP level 2. HP: 29/29 MP: 1/1
   870 | D:2      | Reached XP level 3. HP: 30/36 MP: 2/2
  1306 | D:2      | Found a faded altar of an unknown god.
  1354 | D:2      | Became a worshipper of Elyvilon the Healer
  1354 | D:2      | Reached * piety under Elyvilon
  1354 | D:2      | Reached ** piety under Elyvilon
  1580 | D:3      | Reached XP level 4. HP: 40/44 MP: 3/3
  1600 | D:3      | Noticed Necrophagist's ghost (amateur DDFi)
  1625 | D:3      | Killed Necrophagist's ghost
  1625 | D:3      | Reached skill level 5 in Unarmed Combat
  1625 | D:3      | Reached XP level 5. HP: 42/50 MP: 4/4
  1929 | D:3      | Reached *** piety under Elyvilon
  2295 | D:3      | Found a sacrificial altar of Ru.
  2482 | D:4      | Reached XP level 6. HP: 39/59 MP: 5/5
  3123 | D:4      | Reached XP level 7. HP: 66/66 MP: 6/6
  3208 | D:4      | HP: 1/66 [ogre/giant spiked club (32)]
  3209 | D:4      | Reached skill level 1 in Invocations
  3444 | D:5      | Entered Level 5 of the Dungeon
  3448 | D:5      | Reached skill level 2 in Invocations
  3507 | D:5      | Reached **** piety under Elyvilon
  3536 | D:5      | Elyvilon protects you from harm!
  3538 | D:5      | Elyvilon protects you from harm!
  3538 | D:5      | Elyvilon protects you from harm!
  3539 | D:5      | Was placed under penance by Elyvilon
  3539 | D:5      | Reached skill level 3 in Invocations
  3539 | D:5      | HP: 2/66 [orc/mace of holy wrath (6)]
  3539 | D:5      | Elyvilon protects you from harm!
  3540 | D:5      | Elyvilon protects you from harm!
  3542 | D:5      | Elyvilon protects you from harm!
  3666 | D:5      | Got an ancient bronze ring
  3783 | D:5      | Found an opulent altar of Gozag.
  3790 | D:5      | Found a bloodstained altar of Trog.
  3790 | D:5      | Found a radiant altar of Vehumet.
  3790 | D:5      | Found a shattered altar of Ashenzari.
  3793 | D:5      | Found a hazy altar of Hepliaklqana.
  4010 | D:5      | Noticed Ijyb
  4014 | D:5      | Killed Ijyb
  4014 | D:5      | Reached skill level 4 in Invocations
  4113 | D:6      | Was forgiven by Elyvilon
  4195 | D:6      | Reached skill level 5 in Invocations
  4195 | D:6      | Reached XP level 8. HP: 63/74 MP: 10/10
  4318 | D:6      | Noticed Duvessa
  4318 | D:6      | Noticed Dowan
  4322 | D:6      | Killed Duvessa
  4322 | D:6      | Reached skill level 6 in Invocations
  4330 | D:6      | Killed Dowan
  4503 | D:6      | Reached skill level 7 in Invocations
  4523 | D:6      | Found a staircase to the Ecumenical Temple.
  4703 | D:6      | Identified the ring of Starshine {rCorr rElec Str+3 Int+2} (You found it on level 5 of the Dungeon)
  4751 | D:6      | Found a glowing drain.
  4972 | D:7      | Reached ***** piety under Elyvilon
  5037 | D:7      | Found Vycva's General Store.
  5066 | D:7      | Noticed Prince Ribbit
  5088 | D:7      | Killed Prince Ribbit
  5088 | D:7      | Reached skill level 8 in Invocations
  5088 | D:7      | Reached XP level 9. HP: 37/80 MP: 10/14
  5329 | D:7      | Found a hide-covered altar of Uskayaw.
  5746 | D:8      | Reached skill level 9 in Invocations
  5873 | D:8      | Noticed NeonDemon's ghost (novice KoBe)
  5893 | D:8      | Elyvilon protects you from harm!
  5895 | D:8      | HP: 4/80 [wyvern (5)]
  5905 | D:8      | Slain by a wight

Skill      XL: |  1  2  3  4  5  6  7  8  9 |
---------------+----------------------------+-----
Unarmed Combat | 4 5 6 8 |  8.0
Invocations    | 5 8 9 |  9.1
Fighting       | |  2.4
Dodging        | |  2.4
Stealth        | |  1.0

Action                   |  1- 3 |  4- 6 |  7- 9 || total
-------------------------+-------+-------+-------++-------
Melee: Unarmed           |   145 |   145 |   256 ||   546
       Punch             |     7 |     5 |     7 ||    19
Invok: Lesser Healing    |       |     1 |     4 ||     5
       Divine Protection |       |       |     1 ||     1
       Greater Healing   |       |       |     8 ||     8
  Use: Potion            |       |     1 |       ||     1
       Scroll            |       |       |     8 ||     8
 Stab: Sleeping          |     2 |     1 |     4 ||     7
  Eat: Chunk             |    17 |    17 |    27 ||    61
Armor: Robe              |    43 |    60 |   110 ||   213
Dodge: Dodged            |    57 |    86 |   164 ||   307
